cohdb
Replays
Latest Replays
All Replays
Popular Replays
Top Player Replays
Match Explorer
How It Works
Community
CoH3 Stats
Reddit
Sign in to upload your games and track your stats! →
Sign in with Steam
Match 42085704
Unlisted
Match 42085704
Overview
Messages
Build Orders
End
Engineer Squad
Selects Heavy Weapons
Construct Weapon Support Center
M1919 Machine Gun Team
M1919 Machine Gun Team
Bazooka Squad
Infantry Support Center
Selects Assault Carriers
M3 Assault Carrier
Construct Medical Station
Engineer Squad
M3 Assault Carrier
Selects M2HB .50cal Heavy Machine Gun
M3 Assault Carrier
Selects Exchangeable Parts
M3 Assault Carrier
Bazooka Squad
Improved M9 Bazooka Rockets
M1919 Machine Gun Team
Construct Barracks
Riflemen Squad
Riflemen Squad
Advanced Logistics
M1919 Machine Gun Team
M3 Assault Carrier
M1919 Machine Gun Team
Demolitions Package
Selects M26 Pershing Heavy Tank
M26 Pershing Heavy Tank
AxleInCommand
(502) Bad Gateway
0
0
Comments
sign in to comment!
No comments posted yet!